 Dungeon Crawl Stone Soup version 0.27.1-16-g815e20cd7a (webtiles) character file.

Game seed: 6601081344299253214

610 MisterFreud the Fighter (level 7, -3/68 HPs)
             Began as a Minotaur Abyssal Knight on Nov 21, 2021.
             Was a Believer of Lugonu.
             Slain by a wyvern (11 damage)
             ... on level 4 of the Dungeon.
             The game lasted 00:05:21 (3678 turns).

MisterFreud the Fighter (Minotaur Abyssal Knight)   Turns: 3678, Time: 00:05:22

Health: -3/68      AC:  8    Str: 18    XL:     7   Next: 20%
Magic:  7/7        EV: 10    Int:  9    God:    Lugonu [**....]
Gold:   56         SH:  0    Dex: 10    Spells: 6/6 levels left

rFire    . . .     SeeInvis .   a - +1 falchion
rCold    . . .     Faith    .   (no shield)
rNeg     . . .     Spirit   .   i - +1 scale mail
rPois    .         Reflect  .   (helmet restricted)
rElec    .         Harm     .   (no cloak)
rCorr    .         Rampage  .   (no gloves)
Will     .....                  (no boots)
Stlth    ..........             (no amulet)
HPRegen  0.21/turn              (no ring)
MPRegen  0.10/turn              (no ring)

@: attractive
A: horns 2, retaliatory headbutt
a: Renounce Religion, Depart the Abyss, Bend Space


You were on level 4 of the Dungeon.
You worshipped Lugonu.
Lugonu was pleased with you.
You visited 1 branch of the dungeon, and saw 7 of its levels.
You visited the Abyss 1 time.

You collected 72 gold pieces.
You spent 16 gold pieces at shops.

Inventory:

Hand Weapons
 a - a +1 falchion (weapon)
Missiles
 g - 31 poisoned darts (quivered)
Armour
 b - a +0 leather armour
 i - a +1 scale mail (worn)
Jewellery
 j - a ring of fire
Scrolls
 d - a scroll of teleportation
 f - a scroll of enchant armour
Potions
 c - a potion of attraction
 k - a potion of brilliance {unknown}
 l - a potion of flight


   Skills:
 - Level 8.0 Fighting
 + Level 3.5 Long Blades
 - Level 6.0 Armour
 - Level 1.1 Dodging
 - Level 1.7 Invocations


You had 6 spell levels left.
You didn't know any spells.
Your spell library contained the following spells:

 Spells                   Type           Power      Damage    Failure   Level
 Beastly Appendage        Tmut           0%         N/A       75%         1
 Wereblood                Tmut           0%         N/A       87%         2
 Spider Form              Tmut/Pois      0%         N/A       98%         3


Dungeon Overview and Level Annotations

Branches:
Dungeon (7/15)
 Temple: D:4-7

Altars:

Shops:
D:4 *

Annotations:
D:2 Sigmund
D:7 Menkaure


Innate Abilities, Weirdness & Mutations

You have a pair of horns on your head.
You reflexively headbutt those who attack you in melee.


Message History

Unknown command.
A giant cockroach comes into view.
A giant cockroach is nearby!
The giant cockroach bites you but does no damage.
You hit the giant cockroach.
You kill the giant cockroach!
Lugonu accepts your kill.
A wyvern comes into view.
The wyvern hisses angrily.
The wyvern bites you.
You see here a giant cockroach corpse.
A wyvern is nearby!
You barely miss the wyvern. The wyvern bites you. x2
A wyvern is nearby!
You hit the wyvern.
The wyvern is lightly wounded.
The wyvern barely misses you.
You hit the wyvern but do no damage.
You headbutt the wyvern, but do no damage.
The wyvern is lightly wounded.
The wyvern bites you!
The wyvern bites you but does no damage.
Your scale mail prevents you from hitting the wyvern.
The wyvern is lightly wounded.
The wyvern bites you!
You are too injured to fight recklessly!
You are too injured to fight recklessly!
Unknown command.
It was a potion of attraction.
You feel attractive to monsters.
The wyvern bites you but does no damage.
The wyvern hisses menacingly.
The wyvern bites you but does no damage.
It was a potion of curing.
You feel better. The wyvern bites you!
You hit the wyvern but do no damage. You headbutt the wyvern.
The wyvern is moderately wounded.
The wyvern bites you!
* * * LOW HITPOINT WARNING * * *
The wyvern bites you!
You die...

...# ############. ...
............. ..#
########..... #.# #.###.
#.# #######.###.
########.####....##.....
...(..((.)..+...........
#..............##....#
#.##.@.≈≈≈.....##+####
#l#.≈!≈..........#
#.#.≈≈≈..........#
#.#..............#
#.#.########.....# #.#.#
###'### ..#.# #.#### ..
.# #..... ######


You could see a wyvern.

Vanquished Creatures
  Eustachio (D:4)
  Edmund (D:4)
  A bullfrog (D:5)
  2 scorpions (D:6)
  A jelly (D:4)
  A hound (D:4)
  A hound skeleton (D:4)
  3 adders
  A white imp (D:6)
  An ufetubus (D:6)
  A worm (D:4)
  A dart slug (D:1)
  An orc (D:4)
  4 ball pythons
  9 bats
  2 endoplasms
  7 giant cockroaches
  5 goblins
  6 hobgoblins
  7 quokkas
  4 frilled lizards
  A kobold (D:1)
  2 rats (D:1)
63 creatures vanquished.

Vanquished Creatures (others)
  4 plants (D:2)
4 creatures vanquished.

Grand Total: 67 creatures vanquished

Notes
Turn   | Place    | Note
-------+----------+-------------------------------------------
     0 | Abyss:1  | MisterFreud the Minotaur Abyssal Knight began the quest for
                  | the Orb.
     0 | Abyss:1  | Reached XP level 1. HP: 19/19 MP: 1/1
    40 | Abyss:1  | Found a corrupted altar of Lugonu.
    63 | Abyss:1  | Noticed a small abomination
    64 | D:1      | Escaped the Abyss
   220 | D:1      | Reached skill level 4 in Fighting
   278 | D:1      | Reached * piety under Lugonu
   279 | D:1      | Reached XP level 2. HP: 28/28 MP: 2/2
   728 | D:1      | Reached skill level 5 in Fighting
   984 | D:1      | Reached XP level 3. HP: 36/36 MP: 3/3
  1788 | D:2      | Noticed Sigmund
  1815 | D:2      | HP: 1/37 [Sigmund (3)]
  1837 | D:2      | Reached ** piety under Lugonu
  2156 | D:3      | Reached skill level 6 in Fighting
  2156 | D:3      | Reached XP level 4. HP: 39/44 MP: 4/4
  2291 | D:3      | You fall into a shaft and drop 3 floors!
  2318 | D:6      | Noticed an orc warrior
  2360 | D:7      | Noticed Menkaure
  2360 | D:7      | Noticed a troll
  2461 | D:6      | Noticed a bullfrog
  2478 | D:6      | Noticed an ogre
  2484 | D:5      | Entered Level 5 of the Dungeon
  2497 | D:5      | Killed a bullfrog
  2498 | D:5      | Reached skill level 7 in Fighting
  2498 | D:5      | Reached XP level 5. HP: 16/52 MP: 5/5
  2512 | D:5      | You fall into a shaft and drop 1 floor!
  2827 | D:6      | Reached skill level 8 in Fighting
  2827 | D:6      | Reached XP level 6. HP: 52/61 MP: 6/6
  2989 | D:4      | Noticed Eustachio
  2989 | D:4      | Found Hifeabapt's Assorted Antiques.
  3018 | D:4      | Killed Eustachio
  3021 | D:4      | Reached skill level 5 in Armour
  3251 | D:4      | Bought a fizzy coppery potion for 16 gold pieces
  3571 | D:4      | Noticed Edmund
  3590 | D:4      | Killed Edmund
  3591 | D:4      | Reached XP level 7. HP: 41/68 MP: 7/7
  3670 | D:4      | Noticed a wyvern
  3678 | D:4      | Slain by a wyvern

Illustrated notes

Levels and vault maps discovered:
D:1:      dpeg_arrival_round_a, layout_loops_ring, minmay_heptomino_l4
D:2:      layout_rooms, chequers_big_river, chequers_serial_rivers_micro_b,
          uniq_jessica, uniq_sigmund
D:3:      layout_rooms, shapermc_ecumenical_altar_notcrosses, chequers_garden,
          roderic_lattice_a, grunt_decor_mini_mirrors
D:4:      layout_basic, serial_shops, shop, nicolae_square_shop,
          nicolae_shop_behind_doors, dk_noncrumbling_2,
          corexii_item_surrounded_by_moat, minmay_misc_feat_pillars,
          uniq_edmund, uniq_eustachio
D:5:      layout_basic, general_overflow_altar
D:6:      layout_cave_pools, ebering_ghost_disaster_area
D:7:      layout_loops_cross, minmay_temple_entry_antechambers, minmay_ruffians,
          uniq_menkaure

Skill      XL: |  1  2  3  4  5  6 |
---------------+-------------------+-----
Fighting       | 4 5 6 7 8 |  8.0
Armour         | 3 6 |  6.0
Long Blades    | 3 |  3.5
Dodging        | |  1.1
Invocations    | |  1.7

Action                   |  1- 3 |  4- 6 |  7- 9 || total
-------------------------+-------+-------+-------++-------
Melee: Falchion          |    87 |    74 |     6 ||   167
       Headbutt          |    12 |    17 |     2 ||    31
Throw: Dart              |       |     8 |       ||     8
Invok: Depart the Abyss  |     1 |       |       ||     1
  Use: Potion            |     1 |       |     2 ||     3
       Scroll            |       |     4 |       ||     4
Armor: Leather armour    |    22 |       |       ||    22
       Scale mail        |    19 |    33 |     4 ||    56
Dodge: Dodged            |    73 |    49 |     1 ||   123
       Rpst.: Falchion   |    18 |    10 |       ||    28
